 Dungeon Crawl Stone Soup version 0.24.1-14-gf8d2b50 (webtiles) character file.

Game seed: 1610310057303929863, levelgen mode: deterministic

100 shmeve the Skirmisher (level 4, 0/41 HPs)
             Began as a Minotaur Berserker on June 14, 2020.
             Was a Believer of Trog.
             Slain by Robin
             ... wielding a +0 spear
              (4 damage)
             ... on level 2 of the Dungeon.
             The game lasted 00:02:25 (1964 turns).

shmeve the Skirmisher (Minotaur Berserker)          Turns: 1964, Time: 00:02:26

Health: 0/41       AC:  2    Str: 21    XL:     4   Next: 46%
Magic:  3/3        EV: 12    Int:  5    God:    Trog [**....]
Gold:   51         SH:  0    Dex: 10    Spells: 3/3 levels left

rFire    . . .     SeeInvis .   n - +0 war axe
rCold    . . .     Gourm    .   (no shield)
rNeg     . . .     Faith    .   b - +0 animal skin
rPois    .         Spirit   .   (helmet restricted)
rElec    .         Reflect  .   (no cloak)
rCorr    .         Harm     .   (no gloves)
MR       .....                  (no boots)
Stlth    +.........             (no amulet)
HPRegen  0.13/turn              (no ring)
MPRegen  0.08/turn              (no ring)

@: berserk cooldown, slowed, very slow
A: retaliatory headbutt, horns 2
a: Berserk, Trog's Hand, Renounce Religion


You were on level 2 of the Dungeon.
You worshipped Trog.
Trog was pleased with you.
You were very hungry.

You visited 1 branch of the dungeon, and saw 2 of its levels.

You collected 51 gold pieces.

Inventory:

Hand Weapons
 n - a +0 war axe (weapon)
Missiles
 l - a throwing net (quivered)
Armour
 b - a +0 animal skin (worn)
Jewellery
 g - a +2 ring of slaying {unknown}
 o - an uncursed ring of protection from magic {unknown}
Scrolls
 a - a scroll of amnesia {unknown}
 d - a scroll of fog {unknown}
 e - 3 scrolls of enchant weapon {unknown}
 f - 2 scrolls of remove curse {unknown}
 h - a scroll of noise {unknown}
 k - 2 scrolls of random uselessness {unknown}
 m - 4 scrolls of teleportation {unknown}
Potions
 i - a potion of berserk rage {unknown}
 j - a potion of invisibility {unknown}
Comestibles
 c - 4 rations
 p - 5 chunks of flesh


   Skills:
 * Level 4.6 Fighting
 * Level 4.6 Axes
 + Level 1.0 Throwing
 + Level 3.2 Armour
 + Level 2.7 Dodging


You had 3 spell levels left.
You didn't know any spells.
Your spell library was empty.

Dungeon Overview and Level Annotations

Branches:
Dungeon (2/15)

Altars:

Annotations:
D:2 Robin


Innate Abilities, Weirdness & Mutations

You reflexively headbutt those who attack you in melee.
You have a pair of horns on your head.


Message History

* * * LOW HITPOINT WARNING * * *
Robin throws the goblin at you!
You barely miss Robin.
Robin is severely wounded.
You closely miss the goblin. You barely miss the goblin.
The goblin no longer looks unusually strong.
The goblin closely misses you. The goblin barely misses you.
Robin hits you with a +0 spear.
* * * LOW HITPOINT WARNING * * *
The goblin closely misses you. The goblin misses you.
Robin roars a battlecry!
The goblin goes into a battle-frenzy!
You hit Robin. You headbutt Robin.
Robin is almost dead.
You barely miss the goblin. You slash the goblin!
You kill the goblin!
Trog accepts your kill. The goblin barely misses you. You furiously retaliate!
You headbutt the goblin. Robin hits you with a +0 spear.
You die...

###.###.#.....#..#
#............
...... .....#..#
#........####
..#.# .....#..#
#........# ....#.
....
#..####.########
.#.... #.......#
[..... ##.######
...... #)# ######
#g# #@#
......†.g......
............/..
#####
...............
.....
..........###+#
##### ......#####
#### ###+## .....


PPPPP You could see Robin and a goblin.

Vanquished Creatures
  A shadow imp (D:2)
  An ooze (D:1)
  7 dart slugs
  3 leopard geckos
  15 goblins
  11 hobgoblins
  8 jackals (D:1)
  2 kobolds
  A ball python (D:1)
  3 bats
  8 frilled lizards
  5 rats
65 creatures vanquished.

Notes
Turn   | Place    | Note
-------+----------+-------------------------------------------
     0 | D:1      | shmeve the Minotaur Berserker began the quest for the Orb.
     0 | D:1      | Reached XP level 1. HP: 19/19 MP: 0/0
   165 | D:1      | Reached XP level 2. HP: 27/27 MP: 1/1
   823 | D:1      | Reached XP level 3. HP: 33/33 MP: 2/2
   963 | D:1      | Reached ** piety under Trog
  1562 | D:2      | Reached XP level 4. HP: 35/41 MP: 3/3
  1946 | D:2      | Noticed Robin
  1959 | D:2      | Reached skill level 1 in Throwing
  1964 | D:2      | Slain by Robin

Levels and vault maps discovered:
D:1:      zelgadis_glass_arrival_small, layout_basic, kennysheep_small_spiral,
          chequers_serial_rivers_micro_c
D:2:      minmay_chambers_of_ones, layout_basic, minmay_hedge_maze,
          grunt_decor_cap, minmay_box_of_dots, uniq_natasha, uniq_robin

Skill      XL: |  1  2  3  4 |
---------------+-------------+-----
Fighting       | 4 |  4.6
Axes           | 4 |  4.6
Armour         | 3 |  3.2
Throwing       | 1 |  1.0
Dodging        | |  2.7

Action                   |  1- 3 |  4- 6 || total
-------------------------+-------+-------++-------
Melee: Hand axe          |    86 |     1 ||    87
       Headbutt          |    11 |     4 ||    15
       War axe           |       |    29 ||    29
Invok: Berserk           |     1 |     1 ||     2
       Trog's Hand       |     1 |       ||     1
 Stab: Sleeping          |       |     2 ||     2
  Eat: Chunk             |     2 |     2 ||     4
Armor: Animal skin       |    17 |     5 ||    22
Dodge: Dodged            |    72 |    26 ||    98
